 Dungeon Crawl Stone Soup version 0.23-a0-329-g6f3f904 (webtiles) character file.

179449 Gorice the Victor of a Thousand Battles (level 18, -21/140 HPs)
             Began as a Gnoll Wanderer on Oct 14, 2018.
             Was the Champion of Okawaru.
             Killed from afar by a merfolk aquamancer (45 damage)
             ... with a torrent of water
             ... on level 3 of the Shoals on Oct 16, 2018.
             The game lasted 03:38:21 (43908 turns).

Gorice the Victor of a Thousand Battles (GnWn)     Turns: 43908, Time: 03:38:22

Health: -21/140    AC: 35    Str: 22      XL:     18   Next: 23%
Magic:  32/34      EV: 19    Int: 17 (18) God:    Okawaru [******]
Gold:   1366       SH:  0    Dex: 21      Spells: 41/41 levels left

rFire    . . .     SeeInvis .   a - +5 broad axe of Shame {chop, rElec Dex+3}
rCold    . . .     Gourm    .   (no shield)
rNeg     . . .     Faith    +   J - +0 plate armour
rPois    .         Spirit   .   A - +2 helmet
rElec    +         Reflect  .   x - +1 cloak {+Inv}
rCorr    .         Harm     .   u - +2 pair of gloves {Dex+3}
MR       +....                  v - +0 pair of boots
Stlth    ++........             V - amulet of faith {!P}
HPRegen  0.33/turn              s - +5 ring of slaying
MPRegen  0.24/turn              P - ring of Linearity {+Blink AC+5 Str+3}

@: heroism, very slightly contaminated, very slow
A: distributed training, fangs 1, strong nose
a: Heroism, Finesse, Renounce Religion, Evoke Blink, Evoke Invisibility


You were on level 3 of the Shoals.
You worshipped Okawaru.
Okawaru was exalted by your worship.
You were hungry.

You visited 6 branches of the dungeon, and saw 30 of its levels.
You visited the Abyss 1 time.
You visited 1 bazaar.
You also visited: Labyrinth, Sewer and Ice Cave.

You collected 3897 gold pieces.
You spent 2531 gold pieces at shops.

Inventory:

Hand Weapons
 a - the +5 broad axe of Shame (weapon) {chop, rElec Dex+3}
   (You found it on level 13 of the Dungeon)

   It inflicts extra damage upon your enemies.
   It affects your dexterity (+3).
   It insulates you from electricity.
 b - the +8 longbow "Zephyr" {speed, Dex+3 SInv}
   (You took it off a minotaur in a labyrinth)

   Attacks with this weapon are significantly faster.
   It affects your dexterity (+3).
   It lets you see invisible.
 j - a +6 trident of piercing
   (You took it off a merfolk impaler on level 2 of the Shoals)
 B - a +6 blowgun
Missiles
 T - 10 curare-tipped needles
 X - 842 arrows
 Z - 3 throwing nets (quivered) {!f}
Armour
 u - a +2 pair of gloves of dexterity (worn)
   (You found it in a labyrinth)
 v - a +0 pair of boots (worn)
 x - a +1 cloak of invisibility (worn)
   (You bought it in a shop in a bazaar)
 A - a +2 helmet (worn)
 J - a +0 plate armour (worn)
Jewellery
 c - an uncursed ring of protection from cold
 f - an uncursed ring of protection from fire
 h - an uncursed ring of see invisible
 i - the ring "Agoel" {rN+ SInv Stlth+}
   (You found it on level 2 of the Shoals)

   [ring of see invisible]

   It protects you from negative energy.
   It lets you see invisible.
   It makes you more stealthy.
 m - the ring of Lugonu's Vengeance {MR+ Str+2}
   (You found it on level 2 of the Shoals)

   [ring of strength]

   It affects your strength (+2).
   It affects your resistance to hostile enchantments.
 p - an uncursed ring of poison resistance
 s - a +5 ring of slaying (left hand)
 P - the ring of Linearity (right hand) {+Blink AC+5 Str+3}
   (You bought it in a shop on level 2 of the Orcish Mines)

   [ring of protection]

   It affects your AC (+5).
   It affects your strength (+3).
   It lets you blink.
 V - an amulet of faith (around neck) {!P}
Wands
 g - a wand of iceblast (9)
 k - a wand of flame (46)
 r - a wand of acid (17)
 t - a wand of enslavement (20)
 D - a wand of paralysis (5)
 K - a wand of clouds (9)
 L - a wand of disintegration (43)
 Q - a wand of digging (16)
Scrolls
 e - 15 scrolls of teleportation {!r}
 q - 12 scrolls of remove curse
 F - a scroll of blinking
 I - 2 scrolls of magic mapping {!r}
 O - 5 scrolls of fog
Potions
 l - 13 potions of flight
 o - 6 potions of heal wounds {!q}
 w - a potion of invisibility {!q}
 y - 9 potions of might {!q}
 z - a potion of resistance {!q}
 C - 15 potions of curing
 G - a potion of agility {!q}
 M - 3 potions of haste {!q}
 U - 4 potions of berserk rage
Miscellaneous
 n - a phantom mirror
 S - a lightning rod (4/4) {!a}
Comestibles
 d - 58 rations
 E - 5 chunks of flesh


   Skills:
 + Level 12.1(17.1) Fighting
 + Level 11.8(16.8) Short Blades
 + Level 11.8(16.8) Long Blades
 + Level 11.8(16.8) Axes
 + Level 12.6(17.6) Maces & Flails
 + Level 11.8(16.8) Polearms
 + Level 11.8(16.8) Staves
 + Level 11.8(16.8) Slings
 + Level 11.8(16.8) Bows
 + Level 11.8(16.8) Crossbows
 + Level 12.1(17.1) Throwing
 + Level 12.6(17.6) Armour
 + Level 11.8(16.8) Dodging
 + Level 12.1(17.1) Stealth
 + Level 11.8(16.8) Shields
 + Level 11.8(16.8) Unarmed Combat
 + Level 12.1 Spellcasting
 + Level 10.1 Conjurations
 + Level 10.1 Hexes
 + Level 10.8 Charms
 + Level 10.1 Summonings
 + Level 10.1 Necromancy
 + Level 10.1 Translocations
 + Level 10.1 Transmutations
 + Level 10.1 Fire Magic
 + Level 10.1 Ice Magic
 + Level 10.1 Air Magic
 + Level 10.1 Earth Magic
 + Level 10.1 Poison Magic
 + Level 12.8 Invocations
 + Level 11.8 Evocations


You had 41 spell levels left.
You didn't know any spells.
Your spell library contained the following spells:

 Spells                   Type           Power        Failure   Level  Hunger
 Beastly Appendage        Tmut           #####.       1%          1    None
 Confusing Touch          Hex            #####.       1%          1    None
 Corona                   Hex            #####..      1%          1    None
 Freeze                   Ice            ####         1%          1    None
 Magic Dart               Conj           ####         1%          1    None
 Sandblast                Erth           #####.       1%          1    None
 Ensorcelled Hibernation  Hex/Ice        #####.       1%          2    None
 Passwall                 Tmut/Erth      #####...     1%          2    None
 Searing Ray              Conj           #####.       1%          2    None
 Sticks to Snakes         Tmut           #####...     1%          2    None
 Throw Frost              Conj/Ice       #####.       1%          2    None
 Ozocubu's Armour         Chrm/Ice       #####...     1%          3    None
 Confuse                  Hex            #####...     2%          3    None
 Dazzling Spray           Conj/Hex       #####.       2%          3    None
 Gell's Gravitas          Tloc           #####.....   2%          3    None
 Spider Form              Tmut/Pois      #####.....   2%          3    None
 Static Discharge         Conj/Air       #####...     2%          3    None
 Stone Arrow              Conj/Erth      #####.       2%          3    None
 Tukima's Dance           Hex            #####...     2%          3    None
 Force Lance              Conj/Tloc      #####...     8%          4    ##.....
 Fulminant Prism          Conj/Hex       #####.....   8%          4    ##.....
 Ice Form                 Ice/Tmut       #####...     8%          4    ##.....
 Iskenderun's Mystic Bla  Conj           #####...     8%          4    ##.....
 Leda's Liquefaction      Hex/Erth       #####.....   8%          4    ##.....
 Petrify                  Tmut/Erth      #####...     8%          4    ##.....
 Summon Ice Beast         Ice/Summ       #####...     8%          4    ##.....
 Throw Icicle             Conj/Ice       #####...     8%          4    ##.....
 Alistair's Intoxication  Tmut/Pois      #####...     22%         5    ####...
 Blade Hands              Tmut           #####.....   22%         5    ####...
 Lightning Bolt           Conj/Air       #####.....   22%         5    ####...
 Metabolic Englaciation   Hex/Ice        #####.....   22%         5    ####...
 Yara's Violent Unravell  Hex/Tmut       #####.....   22%         5    ####...
 Ignition                 Fire           #####.....   100%        8    #######
 Shatter                  Erth           #####.....   100%        9    #######
 Tornado                  Air            #####.....   100%        9    #######


Dungeon Overview and Level Annotations

Branches:
Dungeon (15/15)            Temple (1/1) D:4            Lair (6/6) D:9
 Shoals (3/4) Lair:2        Snake (3/4) Lair:4        Slime (0/5) Lair:6
    Orc (2/2) D:11            Elf (0/3) Orc:2        Vaults (0/5) D:13
 Depths (0/5) D:15

Altars:
Ashenzari
Cheibriados
Dithmenos
Elyvilon
Fedhas
Gozag
Hepliaklqana
Kikubaaqudgha
Makhleb
Nemelex Xobeh
Okawaru
Qazlal
Ru
Sif Muna
Trog
Uskayaw
Vehumet
Wu Jian
Xom
Yredelemnul
Zin
The Shining One

Shops:
D:5 ?[?   D:7 ?   D:11 !   Orc:2 }?=}(   Shoals:2 ?*=   Snake:1 =?[(*
Snake:2 %

Annotations:
Shoals:3 Ilsuiw


Innate Abilities, Weirdness & Mutations

Your experience applies equally to all skills.
You have very sharp teeth.
Your uncanny sense of smell can sniff out nearby items.


Message History

Okawaru accepts your kill.
You are engulfed in a cloud of scalding steam.
The merfolk hits you from afar with a +0 trident!
* * * LOW HITPOINT WARNING * * *
Ilsuiw, Witch of the Tides comes into view.
She is wielding a +3 trident of The merfolk aquamancer hits you with a +0 rapier.
* * * LOW HITPOINT WARNING * * *
Ilsuiw moves out of view.
Damage: 21 (max 21) Unknown command.
Unknown command.
You gain the combat prowess of a mighty hero.
The merfolk hits you but does no damage.
The merfolk aquamancer casts a spell at you.
The ball of steam hits you!
* * * LOW HITPOINT WARNING * * *
Damage: 32 (max 32) Unknown command.
Unknown command.
Unknown command.
Unknown command.
Unknown command.
Blink to where?
Press: ? - help, Dir - move target cursor You are very lightly contaminated with residual magic.
As you read the scroll of blinking, it crumbles to dust.
Really read
e - 16 scrolls of teleportation {!r}?
As you read the scroll of teleportation {!r}, it crumbles to dust.
You feel strangely unstable.
Your surroundings suddenly seem different.
Splash!
You fall into the shallow water.
Moving in this stuff is going to be slow.
A merfolk aquamancer comes into view. It is wielding a +2 rapier of venom.
The merfolk aquamancer shouts!
A water elemental comes into view.
The merfolk aquamancer gestures at you while chanting.
The torrent of water misses you.
The wave splashes down.
A water elemental comes into view. x2
The water elemental closely misses you.
You hear a shout! x5; You hear an angry hiss.
A water elemental comes into view.
Unknown command.
Unknown command.
You blink.
Splash!
You feel slightly more hungry.
The merfolk aquamancer gestures at you while chanting.
The torrent of water hits you!
You die... ≈≈≈≈≈≈≈≈≈≈≈≈≈≈≈ ≈≈≈≈≈≈≈≈≈≈≈≈≈≈≈ ≈≈≈≈≈≈≈≈≈≈≈≈≈≈≈ ≈≈≈≈≈PPPP≈P≈PPP

≈≈≈≈≈≈PPP≈P≈PP.
≈≈≈≈≈≈P≈≈P≈≈.P.
≈≈≈≈≈≈≈≈≈≈≈...#
≈.≈≈≈≈≈@≈E≈...#
≈≈≈≈≈≈≈m≈≈≈....
≈≈≈≈≈≈≈≈≈≈≈≈...
≈≈≈≈≈≈E≈≈≈≈≈≈..
≈.≈≈≈≈≈EE≈≈≈≈≈.
≈≈≈≈≈≈≈≈≈§≈≈≈≈≈≈≈
≈≈≈≈≈≈≈≈≈≈≈≈≈≈≈≈≈≈≈≈
≈≈≈≈≈≈≈≈≈≈≈≈≈≈≈≈≈≈≈≈≈≈≈≈.
≈≈≈≈≈≈≈≈≈≈≈≈≈≈≈≈≈≈≈≈≈≈≈≈≈≈


You could see a merfolk aquamancer and 4 water elementals.

Vanquished Creatures
  A bone dragon (Abyss:1)
  Rupert (Lair:5)
  Kirke (D:13)
  A frost giant (IceCv)
  Nessos (D:14)
  A minotaur (Lab)
  A dire elephant (Lair:6)
  Snorg (D:14)
  2 merfolk impalers
  A catoblepas (Lair:6)
  4 hydras
  3 vault guards (D:13)
  An ogre mage (D:15)
  9 naga warriors
  5 centaur warriors
  2 merfolk avatars (Shoals:2)
  The ghost of coffeespoons the Whirler, a journeyman HaHu of Okawaru (D:10)
  11 two-headed ogres
  A death knight (D:12)
  A merfolk aquamancer (Shoals:2)
  8 anacondas
  A queen ant (Lair:3)
  A deep troll shaman (Lair:6)
  2 satyrs (Shoals:2)
  A tengu warrior (D:13)
  A thrashing horror (Abyss:1)
  7 death yaks
  7 naga sharpshooters
  6 shock serpents
  7 sea snakes
  4 salamander mystics
  2 unseen horrors
  2 wizards
  A lindwurm (Lair:6)
  An obsidian statue (D:15)
  4 naga ritualists
  A necromancer (D:13)
  5 mana vipers
  3 orc knights
  5 deep elf magi
  2 orc sorcerers
  14 ugly things
  6 cyclopes
  8 fauns (Shoals:2)
  14 salamanders
  3 manticores
  20 elephants
  7 merfolk sirens
  29 black mambas
  An ice statue (IceCv)
  12 naga magi
  3 water nymphs
  A molten gargoyle (D:11)
  5 spiny frogs
  5 gargoyles
  3 guardian serpents
  10 komodo dragons
  3 kobold demonologists
  A rime drake (Lair:2)
  17 polar bears
  3 meliai (D:12)
  A harpy zombie (D:13)
  12 merfolk
  A troll (shapeshifter) (Orc:2)
  5 trolls
  A tengu conjurer (D:15)
  A queen bee (D:12)
  A wind drake (Shoals:1)
  Prince Ribbit (D:6)
  6 snapping turtles
  17 blink frogs
  13 slime creatures
  2 dream sheep (Shoals:2)
  8 hippogriffs
  6 wyverns
  8 water elementals
  A shadow (D:15)
  2 wraiths
  38 yaks
  17 humans (D:13)
  9 basilisks
  9 hungry ghosts
  6 vampire mosquitoes
  3 wargs
  21 soldier ants
  32 nagas
  9 porcupines
  An acid dragon (D:14)
  13 water moccasins
  35 orc warriors
  3 black bears
  4 ice beasts
  5 sky beasts
  2 eyes of draining
  11 ogres
  5 phantoms
  A necrophage (D:10)
  29 wolves
  21 centaurs
  14 crocodiles
  23 bullfrogs
  10 big kobolds
  A gnoll sergeant (D:12)
  A hornet simulacrum (D:15)
  4 scorpions
  A wyvern skeleton (D:11)
  20 killer bees (D:12)
  A troll zombie (D:11)
  4 wights (D:11)
  2 howler monkeys (D:7)
  An electric eel (D:14)
  2 crimson imps
  2 lava snakes (D:11)
  A quasit (D:9)
  4 centaur zombies
  5 hounds
  3 centaur skeletons
  13 orc priests
  6 jellies
  17 orc wizards
  2 bullfrog skeletons
  4 iguanas
  Ijyb (D:4)
  30 worker ants
  5 ogre zombies (D:11)
  A hound skeleton (D:7)
  A worker ant zombie (D:7)
  Robin (D:1)
  8 gnolls
  11 adders
  3 river rats (Sewer)
  2 shadow imps
  12 white imps (Lair:1)
  3 oozes
  An adder zombie (D:5)
  An adder skeleton (D:5)
  A worm (D:2)
  A dart slug (D:1)
  4 leopard geckos
  58 orcs
  10 giant cockroaches
  12 goblins
  9 hobgoblins
  10 jackals
  50 kobolds
  2 quokkas
  6 ball pythons
  7 bats
  3 frilled lizards
  A goblin skeleton (D:11)
  3 goblin zombies (D:11)
  3 hobgoblin skeletons (D:11)
  A hobgoblin zombie (D:11)
  A leopard gecko skeleton (D:4)
  3 orc skeletons (D:11)
  8 orc zombies (D:11)
  31 rats
  A plant (D:9)
1091 creatures vanquished.

Vanquished Creatures (collateral kills)
  A naga warrior (Snake:2)
  2 naga magi (Snake:2)
  A naga (Snake:2)
4 creatures vanquished.

Vanquished Creatures (others)
  A shock serpent (Snake:2)
  A wizard (D:13)
  A necromancer (D:13)
  6 humans (D:13)
  An orc (D:13)
  A bush (Lair:6)
  35 fungi
  16 plants
62 creatures vanquished.

Grand Total: 1157 creatures vanquished

Notes
Turn   | Place    | Note
-------+----------+-------------------------------------------
     0 | D:1      | Gorice the Gnoll Wanderer began the quest for the Orb.
     0 | D:1      | Gorice set off with: a +2 scale mail, a scroll of
                  | teleportation {!r}, a +0 mace, a ration
     0 | D:1      | Reached XP level 1. HP: 17/17 MP: 4/4
   206 | D:1      | Reached XP level 2. HP: 18/23 MP: 5/5
   626 | D:1      | Reached XP level 3. HP: 28/28 MP: 7/7
  1042 | D:2      | Noticed Robin
  1110 | D:1      | Killed Robin
  1110 | D:1      | Reached skill level 1 in Invocations
  1131 | D:2      | Reached skill level 1 in Short Blades
  1131 | D:2      | Reached skill level 1 in Long Blades
  1131 | D:2      | Reached skill level 1 in Axes
  1131 | D:2      | Reached skill level 1 in Polearms
  1131 | D:2      | Reached skill level 1 in Staves
  1131 | D:2      | Reached skill level 1 in Slings
  1131 | D:2      | Reached skill level 1 in Bows
  1131 | D:2      | Reached skill level 1 in Crossbows
  1131 | D:2      | Reached skill level 1 in Dodging
  1131 | D:2      | Reached skill level 1 in Shields
  1131 | D:2      | Reached skill level 1 in Unarmed Combat
  1131 | D:2      | Reached skill level 1 in Evocations
  1140 | D:2      | Reached XP level 4. HP: 31/34 MP: 8/8
  1231 | D:2      | Found a glowing silver altar of Zin.
  1234 | D:2      | Found a shadowy altar of Dithmenos.
  1497 | D:2      | Found a stormy altar of Qazlal.
  1539 | D:2      | Reached skill level 3 in Spellcasting
  1976 | D:3      | Found a shimmering altar of Xom.
  2030 | D:3      | Reached skill level 1 in Conjurations
  2030 | D:3      | Reached skill level 1 in Hexes
  2030 | D:3      | Reached skill level 1 in Summonings
  2030 | D:3      | Reached skill level 1 in Necromancy
  2030 | D:3      | Reached skill level 1 in Translocations
  2030 | D:3      | Reached skill level 1 in Transmutations
  2030 | D:3      | Reached skill level 1 in Fire Magic
  2030 | D:3      | Reached skill level 1 in Ice Magic
  2030 | D:3      | Reached skill level 1 in Air Magic
  2030 | D:3      | Reached skill level 1 in Earth Magic
  2030 | D:3      | Reached skill level 1 in Poison Magic
  2239 | D:3      | Found a faded altar of an unknown god.
  2324 | D:3      | Reached XP level 5. HP: 40/40 MP: 9/9
  2593 | D:4      | Noticed Ijyb
  2623 | D:4      | Killed Ijyb
  2817 | D:4      | Reached skill level 3 in Fighting
  2817 | D:4      | Reached skill level 3 in Throwing
  2817 | D:4      | Reached skill level 4 in Charms
  2854 | D:4      | Reached XP level 6. HP: 30/47 MP: 10/10
  2995 | D:4      | Reached skill level 3 in Stealth
  2995 | D:4      | Reached skill level 2 in Invocations
  3065 | D:4      | Got a brightly glowing ring mail
  3079 | D:4      | Identified the cursed +0 ring mail of Absolutism {Dex+3}
                  | (You found it on level 4 of the Dungeon)
  3250 | D:4      | Found a staircase to the Ecumenical Temple.
  3255 | Temple   | Entered the Ecumenical Temple
  3354 | Temple   | Became a worshipper of Warmaster Okawaru
  3488 | D:4      | Found a glowing golden altar of the Shining One.
  3861 | D:5      | Entered Level 5 of the Dungeon
  3922 | D:5      | Found Dunyem's Magic Scroll Emporium.
  3927 | D:5      | Bought a scroll of magic mapping for 49 gold pieces
  4033 | D:5      | Found a glowing drain.
  4050 | Sewer    | Entered a sewer
  4119 | Sewer    | Reached skill level 2 in Short Blades
  4119 | Sewer    | Reached skill level 2 in Long Blades
  4119 | Sewer    | Reached skill level 2 in Axes
  4119 | Sewer    | Reached skill level 5 in Maces & Flails
  4119 | Sewer    | Reached skill level 2 in Polearms
  4119 | Sewer    | Reached skill level 2 in Staves
  4119 | Sewer    | Reached skill level 2 in Slings
  4119 | Sewer    | Reached skill level 2 in Bows
  4119 | Sewer    | Reached skill level 2 in Crossbows
  4119 | Sewer    | Reached skill level 5 in Armour
  4119 | Sewer    | Reached skill level 2 in Dodging
  4119 | Sewer    | Reached skill level 2 in Shields
  4119 | Sewer    | Reached skill level 2 in Unarmed Combat
  4119 | Sewer    | Reached skill level 2 in Evocations
  4763 | Sewer    | Reached XP level 7. HP: 52/52 MP: 12/12
  4834 | Sewer    | HP: 15/52 [poisoned by a kobold]
  4841 | Sewer    | HP: 15/52 [poisoned by a kobold]
  4849 | Sewer    | HP: 14/52 [poisoned by a kobold]
  5429 | D:5      | Found Qihuix's Armour Shop.
  5449 | D:5      | Found a snail-covered altar of Cheibriados.
  5908 | D:5      | Found Bugefet's Magic Scroll Shop.
  5929 | D:5      | Bought a scroll of identify for 20 gold pieces
  5929 | D:5      | Bought a scroll of identify for 20 gold pieces
  5929 | D:5      | Bought a scroll of identify for 20 gold pieces
  5929 | D:5      | Bought a scroll of identify for 20 gold pieces
  5929 | D:5      | Bought a scroll of identify for 20 gold pieces
  6012 | D:6      | Reached skill level 2 in Conjurations
  6012 | D:6      | Reached skill level 2 in Hexes
  6012 | D:6      | Reached skill level 2 in Summonings
  6012 | D:6      | Reached skill level 2 in Necromancy
  6012 | D:6      | Reached skill level 2 in Translocations
  6012 | D:6      | Reached skill level 2 in Transmutations
  6012 | D:6      | Reached skill level 2 in Fire Magic
  6012 | D:6      | Reached skill level 2 in Ice Magic
  6012 | D:6      | Reached skill level 2 in Air Magic
  6012 | D:6      | Reached skill level 2 in Earth Magic
  6012 | D:6      | Reached skill level 2 in Poison Magic
  6140 | D:6      | HP: 8/52 [ice beast (12)]
  6224 | D:6      | Reached skill level 3 in Invocations
  6229 | D:6      | Reached * piety under Okawaru
  6333 | D:6      | Noticed Prince Ribbit
  6363 | D:6      | Killed Prince Ribbit
  6363 | D:6      | Reached skill level 4 in Fighting
  6363 | D:6      | Reached skill level 3 in Short Blades
  6363 | D:6      | Reached skill level 3 in Long Blades
  6363 | D:6      | Reached skill level 3 in Axes
  6363 | D:6      | Reached skill level 3 in Polearms
  6363 | D:6      | Reached skill level 3 in Staves
  6363 | D:6      | Reached skill level 3 in Slings
  6363 | D:6      | Reached skill level 3 in Bows
  6363 | D:6      | Reached skill level 3 in Crossbows
  6363 | D:6      | Reached skill level 4 in Throwing
  6363 | D:6      | Reached skill level 3 in Dodging
  6363 | D:6      | Reached skill level 3 in Shields
  6363 | D:6      | Reached skill level 3 in Unarmed Combat
  6363 | D:6      | Reached skill level 4 in Spellcasting
  6363 | D:6      | Reached skill level 3 in Evocations
  6363 | D:6      | Reached XP level 8. HP: 28/60 MP: 12/14
  6497 | D:6      | Reached ** piety under Okawaru
  6497 | D:6      | Reached skill level 4 in Stealth
  6500 | D:6      | Found a basalt altar of Yredelemnul.
  7370 | D:7      | Found Ruywk's Magic Scroll Emporium.
  7395 | D:7      | Bought a scroll of identify for 26 gold pieces
  7465 | D:7      | Found a hazy altar of Hepliaklqana.
  7700 | D:7      | Reached skill level 4 in Invocations
  7705 | D:7      | Reached skill level 3 in Conjurations
  7705 | D:7      | Reached skill level 3 in Hexes
  7705 | D:7      | Reached skill level 3 in Summonings
  7705 | D:7      | Reached skill level 3 in Necromancy
  7705 | D:7      | Reached skill level 3 in Translocations
  7705 | D:7      | Reached skill level 3 in Transmutations
  7705 | D:7      | Reached skill level 3 in Fire Magic
  7705 | D:7      | Reached skill level 3 in Ice Magic
  7705 | D:7      | Reached skill level 3 in Air Magic
  7705 | D:7      | Reached skill level 3 in Earth Magic
  7705 | D:7      | Reached skill level 3 in Poison Magic
  7868 | D:7      | Reached skill level 6 in Maces & Flails
  7868 | D:7      | Reached skill level 6 in Armour
  7868 | D:7      | Reached XP level 9. HP: 62/66 MP: 16/16
  8027 | D:7      | Reached skill level 5 in Charms
  8122 | D:7      | Reached *** piety under Okawaru
  8289 | D:8      | Reached skill level 4 in Short Blades
  8289 | D:8      | Reached skill level 4 in Long Blades
  8289 | D:8      | Reached skill level 4 in Axes
  8289 | D:8      | Reached skill level 4 in Polearms
  8289 | D:8      | Reached skill level 4 in Staves
  8289 | D:8      | Reached skill level 4 in Slings
  8289 | D:8      | Reached skill level 4 in Bows
  8289 | D:8      | Reached skill level 4 in Crossbows
  8289 | D:8      | Reached skill level 4 in Dodging
  8289 | D:8      | Reached skill level 4 in Shields
  8289 | D:8      | Reached skill level 4 in Unarmed Combat
  8289 | D:8      | Reached skill level 5 in Spellcasting
  8289 | D:8      | Reached skill level 4 in Evocations
  8508 | D:8      | Found an opulent altar of Gozag.
  8529 | D:8      | Noticed a two-headed ogre
  8547 | D:8      | Killed a two-headed ogre
  8547 | D:8      | Reached **** piety under Okawaru
  8547 | D:8      | Reached skill level 5 in Fighting
  8547 | D:8      | Reached skill level 5 in Throwing
  8547 | D:8      | Reached skill level 5 in Stealth
  8551 | D:8      | Reached skill level 5 in Invocations
  8817 | D:8      | Noticed a two-headed ogre
  8826 | D:8      | Killed a two-headed ogre
  8826 | D:8      | Received a gift from Okawaru
  8826 | D:8      | Reached skill level 4 in Conjurations
  8826 | D:8      | Reached skill level 4 in Hexes
  8826 | D:8      | Reached skill level 4 in Summonings
  8826 | D:8      | Reached skill level 4 in Necromancy
  8826 | D:8      | Reached skill level 4 in Translocations
  8826 | D:8      | Reached skill level 4 in Transmutations
  8826 | D:8      | Reached skill level 4 in Fire Magic
  8826 | D:8      | Reached skill level 4 in Ice Magic
  8826 | D:8      | Reached skill level 4 in Air Magic
  8826 | D:8      | Reached skill level 4 in Earth Magic
  8826 | D:8      | Reached skill level 4 in Poison Magic
  8826 | D:8      | Reached XP level 10. HP: 75/75 MP: 15/18
  8921 | D:8      | Reached ***** piety under Okawaru
  8921 | D:8      | Reached skill level 5 in Short Blades
  8921 | D:8      | Reached skill level 5 in Long Blades
  8921 | D:8      | Reached skill level 5 in Axes
  8921 | D:8      | Reached skill level 5 in Polearms
  8921 | D:8      | Reached skill level 5 in Staves
  8921 | D:8      | Reached skill level 5 in Slings
  8921 | D:8      | Reached skill level 5 in Bows
  8921 | D:8      | Reached skill level 5 in Crossbows
  8921 | D:8      | Reached skill level 5 in Dodging
  8921 | D:8      | Reached skill level 5 in Shields
  8921 | D:8      | Reached skill level 5 in Unarmed Combat
  8921 | D:8      | Reached skill level 5 in Evocations
  9122 | D:8      | Found the amulet of the Four Winds {rN+ MR+++ Clar}
  9762 | D:9      | Reached skill level 7 in Maces & Flails
  9762 | D:9      | Reached skill level 7 in Armour
  9764 | D:9      | Reached skill level 6 in Spellcasting
  9835 | D:9      | Reached skill level 6 in Fighting
  9835 | D:9      | Reached skill level 6 in Throwing
  9923 | D:9      | Reached skill level 6 in Stealth
  9923 | D:9      | Reached skill level 6 in Charms
  9923 | D:9      | Reached skill level 6 in Invocations
 10226 | D:9      | Found a staircase to the Lair.
 10773 | Lair:1   | Entered Level 1 of the Lair of Beasts
 10835 | Lair:1   | Found a frozen archway.
 10934 | IceCv    | Entered an ice cave
 10946 | IceCv    | Received a gift from Okawaru
 10946 | IceCv    | Reached XP level 11. HP: 80/82 MP: 16/20
 10973 | IceCv    | Got a fine scale mail {god gift}
 11000 | IceCv    | Identified the +0 scale mail of Dawn {Str+2} (Okawaru
                  | gifted it to you in an ice cave)
 11136 | IceCv    | Reached skill level 6 in Short Blades
 11136 | IceCv    | Reached skill level 6 in Long Blades
 11136 | IceCv    | Reached skill level 6 in Axes
 11136 | IceCv    | Reached skill level 6 in Polearms
 11136 | IceCv    | Reached skill level 6 in Staves
 11136 | IceCv    | Reached skill level 6 in Slings
 11136 | IceCv    | Reached skill level 6 in Bows
 11136 | IceCv    | Reached skill level 6 in Crossbows
 11136 | IceCv    | Reached skill level 6 in Dodging
 11136 | IceCv    | Reached skill level 6 in Shields
 11136 | IceCv    | Reached skill level 6 in Unarmed Combat
 11136 | IceCv    | Reached skill level 6 in Evocations
 11144 | IceCv    | Reached skill level 5 in Conjurations
 11144 | IceCv    | Reached skill level 5 in Hexes
 11144 | IceCv    | Reached skill level 5 in Summonings
 11144 | IceCv    | Reached skill level 5 in Necromancy
 11144 | IceCv    | Reached skill level 5 in Translocations
 11144 | IceCv    | Reached skill level 5 in Transmutations
 11144 | IceCv    | Reached skill level 5 in Fire Magic
 11144 | IceCv    | Reached skill level 5 in Ice Magic
 11144 | IceCv    | Reached skill level 5 in Air Magic
 11144 | IceCv    | Reached skill level 5 in Earth Magic
 11144 | IceCv    | Reached skill level 5 in Poison Magic
 11958 | IceCv    | Noticed a frost giant
 11970 | IceCv    | Killed a frost giant
 11982 | IceCv    | Reached skill level 7 in Spellcasting
 12004 | IceCv    | Reached skill level 7 in Invocations
 12055 | IceCv    | Reached skill level 7 in Fighting
 12055 | IceCv    | Reached skill level 8 in Maces & Flails
 12055 | IceCv    | Reached skill level 7 in Throwing
 12055 | IceCv    | Reached skill level 8 in Armour
 12130 | IceCv    | Reached skill level 7 in Stealth
 12137 | IceCv    | HP: 24/84 [polar bear (5)]
 12143 | IceCv    | HP: 13/84 [polar bear (11)]
 12469 | IceCv    | Upgraded the game from 0.23-a0-319-gb40ba49 to
                  | 0.23-a0-321-g6bcb69f
 13078 | IceCv    | Reached XP level 12. HP: 48/91 MP: 11/23
 13276 | Lair:1   | Noticed a five-headed hydra
 13288 | Lair:1   | Killed a five-headed hydra
 13288 | Lair:1   | Received a gift from Okawaru
 13567 | Lair:1   | Reached skill level 7 in Charms
 13868 | Lair:1   | Noticed a four-headed hydra
 13878 | Lair:1   | Killed a four-headed hydra
 13878 | Lair:1   | Reached skill level 7 in Short Blades
 13878 | Lair:1   | Reached skill level 7 in Long Blades
 13878 | Lair:1   | Reached skill level 7 in Axes
 13878 | Lair:1   | Reached skill level 7 in Polearms
 13878 | Lair:1   | Reached skill level 7 in Staves
 13878 | Lair:1   | Reached skill level 7 in Slings
 13878 | Lair:1   | Reached skill level 7 in Bows
 13878 | Lair:1   | Reached skill level 7 in Crossbows
 13878 | Lair:1   | Reached skill level 7 in Dodging
 13878 | Lair:1   | Reached skill level 7 in Shields
 13878 | Lair:1   | Reached skill level 7 in Unarmed Combat
 13878 | Lair:1   | Reached skill level 7 in Evocations
 14476 | Lair:2   | Reached skill level 6 in Conjurations
 14476 | Lair:2   | Reached skill level 6 in Hexes
 14476 | Lair:2   | Reached skill level 6 in Summonings
 14476 | Lair:2   | Reached skill level 6 in Necromancy
 14476 | Lair:2   | Reached skill level 6 in Translocations
 14476 | Lair:2   | Reached skill level 6 in Transmutations
 14476 | Lair:2   | Reached skill level 6 in Fire Magic
 14476 | Lair:2   | Reached skill level 6 in Ice Magic
 14476 | Lair:2   | Reached skill level 6 in Air Magic
 14476 | Lair:2   | Reached skill level 6 in Earth Magic
 14476 | Lair:2   | Reached skill level 6 in Poison Magic
 14715 | Lair:2   | Reached skill level 8 in Invocations
 14751 | Lair:2   | Received a gift from Okawaru
 14773 | Lair:2   | Found a staircase to the Shoals.
 15306 | Lair:3   | Reached skill level 8 in Spellcasting
 15405 | Lair:3   | Reached skill level 8 in Fighting
 15405 | Lair:3   | Reached skill level 8 in Throwing
 15480 | Lair:3   | Reached skill level 8 in Stealth
 15690 | D:5      | Bought the +0 pair of fencer's gloves {+Riposte Dex+3} for
                  | 480 gold pieces
 15690 | D:5      | Found the +0 pair of fencer's gloves {+Riposte Dex+3}
 15908 | Lair:3   | Received a gift from Okawaru
 15941 | Lair:3   | Reached skill level 9 in Maces & Flails
 15941 | Lair:3   | Reached skill level 9 in Armour
 16017 | Lair:3   | Noticed a death yak
 16017 | Lair:3   | Noticed a death yak
 16033 | Lair:3   | Received a gift from Okawaru
 16085 | Lair:3   | Reached XP level 13. HP: 98/98 MP: 25/25
 16382 | Lair:3   | Received a gift from Okawaru
 16382 | Lair:3   | Reached ****** piety under Okawaru
 16791 | Lair:4   | Reached skill level 8 in Short Blades
 16791 | Lair:4   | Reached skill level 8 in Long Blades
 16791 | Lair:4   | Reached skill level 8 in Axes
 16791 | Lair:4   | Reached skill level 8 in Polearms
 16791 | Lair:4   | Reached skill level 8 in Staves
 16791 | Lair:4   | Reached skill level 8 in Slings
 16791 | Lair:4   | Reached skill level 8 in Bows
 16791 | Lair:4   | Reached skill level 8 in Crossbows
 16791 | Lair:4   | Reached skill level 8 in Dodging
 16791 | Lair:4   | Reached skill level 8 in Shields
 16791 | Lair:4   | Reached skill level 8 in Unarmed Combat
 16791 | Lair:4   | Reached skill level 8 in Evocations
 17070 | Lair:4   | Found a bloodstained altar of Trog.
 17129 | Lair:4   | Found a staircase to the Snake Pit.
 17645 | Lair:5   | Noticed Rupert
 17647 | Lair:5   | Received a gift from Okawaru
 17652 | Lair:5   | Reached skill level 9 in Invocations
 17681 | Lair:5   | Killed Rupert
 17681 | Lair:5   | Reached skill level 8 in Charms
 18482 | Lair:6   | Entered Level 6 of the Lair of Beasts
 18494 | Lair:6   | Reached skill level 7 in Conjurations
 18494 | Lair:6   | Reached skill level 7 in Hexes
 18494 | Lair:6   | Reached skill level 7 in Summonings
 18494 | Lair:6   | Reached skill level 7 in Necromancy
 18494 | Lair:6   | Reached skill level 7 in Translocations
 18494 | Lair:6   | Reached skill level 7 in Transmutations
 18494 | Lair:6   | Reached skill level 7 in Fire Magic
 18494 | Lair:6   | Reached skill level 7 in Ice Magic
 18494 | Lair:6   | Reached skill level 7 in Air Magic
 18494 | Lair:6   | Reached skill level 7 in Earth Magic
 18494 | Lair:6   | Reached skill level 7 in Poison Magic
 18800 | Lair:5   | Reached skill level 9 in Spellcasting
 19046 | Lair:5   | Received a gift from Okawaru
 19063 | Lair:5   | Reached skill level 9 in Fighting
 19063 | Lair:5   | Reached skill level 9 in Throwing
 19256 | Lair:6   | Reached skill level 9 in Stealth
 19464 | Lair:6   | Reached XP level 14. HP: 101/108 MP: 24/27
 19470 | Lair:6   | Found a staircase to the Slime Pits.
 19844 | Lair:6   | Reached skill level 10 in Maces & Flails
 19844 | Lair:6   | Reached skill level 10 in Armour
 19995 | Lair:6   | Reached skill level 9 in Short Blades
 19995 | Lair:6   | Reached skill level 9 in Long Blades
 19995 | Lair:6   | Reached skill level 9 in Axes
 19995 | Lair:6   | Reached skill level 9 in Polearms
 19995 | Lair:6   | Reached skill level 9 in Staves
 19995 | Lair:6   | Reached skill level 9 in Slings
 19995 | Lair:6   | Reached skill level 9 in Bows
 19995 | Lair:6   | Reached skill level 9 in Crossbows
 19995 | Lair:6   | Reached skill level 9 in Dodging
 19995 | Lair:6   | Reached skill level 9 in Shields
 19995 | Lair:6   | Reached skill level 9 in Unarmed Combat
 19995 | Lair:6   | Reached skill level 9 in Evocations
 20735 | Lair:6   | Received a gift from Okawaru
 20735 | Lair:6   | Reached skill level 10 in Invocations
 20736 | Lair:6   | Got a smoking longbow {god gift}
 20751 | Lair:6   | Identified the +1 longbow of Dividends {velocity, rElec
                  | SInv Stlth-} (Okawaru gifted it to you on level 6 of the
                  | Lair of Beasts)
 20988 | Lair:6   | Noticed a dire elephant
 21012 | Lair:6   | Killed a dire elephant
 21219 | Lair:1   | Identified a scroll of acquirement
 21220 | Lair:1   | Got a fine brass ring
 21222 | Lair:1   | Identified the ring "Guaraxug" {*Drain +Blink +Fly Str+6
                  | Int+3} (You acquired it on level 1 of the Lair of Beasts)
 21245 | D:10     | Entered Level 10 of the Dungeon
 21754 | D:10     | Found a large runed door.
 21754 | D:10     | Found a large runed door.
 21814 | D:10     | Noticed coffeespoons's ghost (journeyman HaHu)
 21837 | D:10     | Killed coffeespoons's ghost
 22303 | D:11     | Found a staircase to the Orcish Mines.
 22721 | D:11     | Found Silakido's Distillery.
 22734 | D:11     | Bought a potion of haste for 160 gold pieces
 22734 | D:11     | Bought a potion of heal wounds for 80 gold pieces
 22734 | D:11     | Bought a potion of resistance for 160 gold pieces
 22994 | D:11     | Identified the Handbook of Earthen Transmutation
 23230 | Orc:1    | Entered Level 1 of the Orcish Mines
 23511 | Orc:1    | Received a gift from Okawaru
 23529 | Orc:1    | Got a jewelled scale mail {god gift}
 24011 | Orc:1    | Upgraded the game from 0.23-a0-321-g6bcb69f to
                  | 0.23-a0-329-g6f3f904
 24031 | Orc:2    | Entered Level 2 of the Orcish Mines
 24031 | Orc:2    | Noticed Sonja
 24033 | Orc:2    | Noticed Sonja
 24033 | Orc:2    | Sonja changed into Sonja the shapeshifter
 24034 | Orc:2    | Noticed Sonja
 24034 | Orc:2    | Sonja the shapeshifter changed into Sonja the troll
 24035 | Orc:2    | Killed Sonja the troll
 24312 | Orc:1    | Reached skill level 8 in Conjurations
 24312 | Orc:1    | Reached skill level 8 in Hexes
 24312 | Orc:1    | Reached skill level 8 in Summonings
 24312 | Orc:1    | Reached skill level 8 in Necromancy
 24312 | Orc:1    | Reached skill level 8 in Translocations
 24312 | Orc:1    | Reached skill level 8 in Transmutations
 24312 | Orc:1    | Reached skill level 8 in Fire Magic
 24312 | Orc:1    | Reached skill level 8 in Ice Magic
 24312 | Orc:1    | Reached skill level 8 in Air Magic
 24312 | Orc:1    | Reached skill level 8 in Earth Magic
 24312 | Orc:1    | Reached skill level 8 in Poison Magic
 24528 | Orc:2    | Reached XP level 15. HP: 105/115 MP: 28/28
 24548 | Orc:2    | Reached skill level 10 in Spellcasting
 24570 | Orc:2    | Reached skill level 9 in Charms
 24884 | Orc:2    | Found a staircase to the Elven Halls.
 25089 | Orc:2    | Reached skill level 10 in Fighting
 25089 | Orc:2    | Reached skill level 10 in Throwing
 25235 | Orc:2    | Reached skill level 10 in Stealth
 25372 | Orc:2    | Found Kucluama's Gadget Boutique.
 25479 | Orc:2    | Found Highoymp's Gadget Shop.
 25479 | Orc:2    | Found Cyluozeh's Jewellery Emporium.
 25481 | Orc:2    | Found Loabasoi's Magic Scroll Shoppe.
 25483 | Orc:2    | Found Jamnul's Weapon Boutique.
 25506 | Orc:2    | Bought a scroll of identify for 32 gold pieces
 25509 | Orc:2    | Bought the ring of Linearity {+Blink AC+5 Str+3} for 1054
                  | gold pieces
 25671 | Lair:1   | Identified the +3 scale mail of the Castellan {rElec Str-4
                  | Int+6 Stlth+} (Okawaru gifted it to you on level 1 of the
                  | Orcish Mines)
 25864 | D:12     | Found a flickering gateway to a bazaar.
 25880 | Bazaar   | Entered a bazaar
 25880 | Bazaar   | Found Ymiphi's Jewellery Shop.
 25880 | Bazaar   | Found Niuphad's Antique Weapon Shoppe.
 25880 | Bazaar   | Found Woakelua's Antique Armour Shop.
 25882 | Bazaar   | Found Meonluwk's Distillery.
 25942 | Bazaar   | Bought a potion of mutation for 128 gold pieces
 25945 | Bazaar   | Bought a glowing cloak for 262 gold pieces
 27605 | D:13     | Received a gift from Okawaru
 27606 | D:13     | Noticed Kirke
 27617 | D:13     | Killed Kirke
 27617 | D:13     | Reached skill level 10 in Short Blades
 27617 | D:13     | Reached skill level 10 in Long Blades
 27617 | D:13     | Reached skill level 10 in Axes
 27617 | D:13     | Reached skill level 10 in Polearms
 27617 | D:13     | Reached skill level 10 in Staves
 27617 | D:13     | Reached skill level 10 in Slings
 27617 | D:13     | Reached skill level 10 in Bows
 27617 | D:13     | Reached skill level 10 in Crossbows
 27617 | D:13     | Reached skill level 10 in Dodging
 27617 | D:13     | Reached skill level 10 in Shields
 27617 | D:13     | Reached skill level 10 in Unarmed Combat
 27617 | D:13     | Reached skill level 10 in Evocations
 27632 | D:13     | Got a translucent broad axe
 27633 | D:13     | Identified the +5 broad axe of Shame {chop, rElec Dex+3}
                  | (You found it on level 13 of the Dungeon)
 27682 | D:13     | Cast into level 1 of the Abyss (kobold)
 27724 | Abyss:1  | Noticed a bone dragon
 27788 | Abyss:1  | Killed a bone dragon
 27788 | Abyss:1  | Reached skill level 11 in Maces & Flails
 27788 | Abyss:1  | Reached skill level 11 in Armour
 27799 | D:13     | Escaped the Abyss
 28381 | D:13     | Reached skill level 11 in Invocations
 29025 | D:13     | Reached XP level 16. HP: 124/124 MP: 30/30
 29049 | D:13     | Found a gate to the Vaults.
 29438 | D:14     | Noticed Snorg
 29448 | D:14     | Killed Snorg
 29672 | D:14     | Found a sacrificial altar of Ru.
 29683 | D:14     | Noticed Nessos
 29691 | D:14     | Killed Nessos
 30060 | D:15     | Entered Level 15 of the Dungeon
 30135 | D:15     | Found a labyrinth entrance.
 30167 | Lab      | Entered a labyrinth
 30562 | Lab      | Received a gift from Okawaru
 32120 | D:15     | Reached skill level 9 in Conjurations
 32120 | D:15     | Reached skill level 9 in Hexes
 32120 | D:15     | Reached skill level 9 in Summonings
 32120 | D:15     | Reached skill level 9 in Necromancy
 32120 | D:15     | Reached skill level 9 in Translocations
 32120 | D:15     | Reached skill level 9 in Transmutations
 32120 | D:15     | Reached skill level 9 in Fire Magic
 32120 | D:15     | Reached skill level 9 in Ice Magic
 32120 | D:15     | Reached skill level 9 in Air Magic
 32120 | D:15     | Reached skill level 9 in Earth Magic
 32120 | D:15     | Reached skill level 9 in Poison Magic
 32260 | D:15     | Reached skill level 11 in Spellcasting
 32355 | D:15     | Received a gift from Okawaru
 32485 | D:15     | Reached skill level 11 in Fighting
 32485 | D:15     | Reached skill level 11 in Throwing
 32573 | D:15     | Reached skill level 11 in Stealth
 32607 | D:15     | Received a gift from Okawaru
 32623 | D:15     | Got a warped falchion {god gift}
 32933 | D:15     | Found a staircase to the Depths.
 33853 | Snake:1  | Entered Level 1 of the Snake Pit
 33870 | Snake:1  | Reached skill level 10 in Charms
 33879 | Snake:1  | HP: 30/125 [black mamba (12)]
 33885 | Snake:1  | HP: 27/125 [poisoned by a guardian serpent (bolt of
                  | poison)]
 33889 | Snake:1  | HP: 13/125 [poisoned by a black mamba]
 34638 | Snake:1  | Found Rijynaiz's General Store.
 34644 | Snake:1  | Found Dixtucy's Weapon Shop.
 34644 | Snake:1  | Found Ludephuc's Antique Armour Boutique.
 34649 | Snake:1  | Found Maymeymu's Jewellery Boutique.
 34690 | Snake:1  | Received a gift from Okawaru
 34790 | Snake:1  | Reached skill level 11 in Short Blades
 34790 | Snake:1  | Reached skill level 11 in Long Blades
 34790 | Snake:1  | Reached skill level 11 in Axes
 34790 | Snake:1  | Reached skill level 11 in Polearms
 34790 | Snake:1  | Reached skill level 11 in Staves
 34790 | Snake:1  | Reached skill level 11 in Slings
 34790 | Snake:1  | Reached skill level 11 in Bows
 34790 | Snake:1  | Reached skill level 11 in Crossbows
 34790 | Snake:1  | Reached skill level 11 in Dodging
 34790 | Snake:1  | Reached skill level 11 in Shields
 34790 | Snake:1  | Reached skill level 11 in Unarmed Combat
 34790 | Snake:1  | Reached skill level 11 in Evocations
 34855 | Snake:1  | Received a gift from Okawaru
 34890 | Snake:1  | Found Hiuc's Magic Scroll Shop.
 34998 | Snake:1  | Reached XP level 17. HP: 41/131 MP: 32/32
 35000 | Snake:1  | HP: 39/131 [poisoned by a black mamba]
 35006 | Snake:1  | HP: 36/131 [poisoned by a black mamba]
 35011 | Snake:1  | HP: 34/131 [poisoned by a black mamba]
 35018 | Snake:1  | HP: 33/131 [poisoned by a black mamba]
 35025 | Snake:1  | HP: 34/131 [poisoned by a black mamba]
 35033 | Snake:1  | HP: 34/131 [poisoned by a black mamba]
 35400 | Snake:1  | HP: 39/131 [anaconda (11)]
 35404 | Snake:1  | HP: 18/131 [naga/+0 long sword (4)]
 35409 | Snake:1  | HP: 17/131 [anaconda (8)]
 35412 | Snake:1  | HP: 8/131 [anaconda (8)]
 35417 | Snake:1  | HP: 18/131 [anaconda (3)]
 35497 | Snake:1  | Received a gift from Okawaru
 35534 | Snake:1  | Got a crude shield {god gift}
 36020 | Snake:1  | Reached skill level 12 in Invocations
 36248 | Snake:1  | HP: 39/131 [salamander mystic/+0 quarterstaff (3)]
 36794 | Snake:2  | kirsanium: how do you get this title?
 36814 | Snake:1  | Reached skill level 12 in Maces & Flails
 36814 | Snake:1  | Reached skill level 12 in Armour
 36830 | Snake:2  | HP: 38/131 [black mamba (4)]
 36835 | Snake:1  | HP: 37/131 [poisoned by a naga ritualist (toxic radiance)]
 36844 | Snake:1  | HP: 22/131 [poisoned by a naga ritualist (splash of
                  | poison)]
 36851 | Snake:1  | HP: 21/131 [poisoned by a naga ritualist (splash of
                  | poison)]
 36856 | Snake:1  | HP: 21/131 [poisoned by a naga ritualist (splash of
                  | poison)]
 36864 | Snake:1  | HP: 21/131 [poisoned by a naga ritualist (splash of
                  | poison)]
 37596 | Snake:1  | HP: 38/131 [poisoned by a naga mage (splash of poison)]
 37601 | Snake:1  | HP: 31/131 [poisoned by a naga mage (splash of poison)]
 37606 | Snake:1  | HP: 26/131 [poisoned by a naga mage (splash of poison)]
 37611 | Snake:1  | HP: 23/131 [poisoned by a naga mage (splash of poison)]
 37616 | Snake:1  | HP: 21/131 [poisoned by a naga mage (splash of poison)]
 37623 | Snake:1  | HP: 21/131 [poisoned by a naga mage (splash of poison)]
 37630 | Snake:1  | HP: 21/131 [poisoned by a naga mage (splash of poison)]
 37638 | Snake:1  | HP: 21/131 [poisoned by a naga mage (splash of poison)]
 38007 | Snake:2  | HP: 28/131 [naga mage/poison arrow (13)]
 38012 | Snake:2  | HP: 23/131 [poisoned by a naga mage (poison arrow)]
 38015 | Snake:2  | HP: 6/131 [salamander/+2 glaive of venom (13)]
 38020 | Snake:1  | HP: 3/131 [poisoned by a naga mage (poison arrow)]
 38026 | Snake:1  | HP: 2/131 [poisoned by a naga mage (poison arrow)]
 38031 | Snake:1  | HP: 2/131 [poisoned by a naga mage (poison arrow)]
 38039 | Snake:1  | HP: 2/131 [poisoned by a naga mage (poison arrow)]
 38747 | Snake:2  | Received a gift from Okawaru
 38931 | Lair:1   | Identified the +3 shield of the Vaults {Str+2 Stlth+}
                  | (Okawaru gifted it to you on level 1 of the Snake Pit)
 39056 | Snake:2  | Found Begoif's Food Shoppe.
 39171 | Snake:3  | Received a gift from Okawaru
 40091 | Snake:3  | Got an ancient amethyst amulet
 40094 | Snake:3  | Identified the amulet of Degg {Gourm rC+ MP+9} (You found
                  | it on level 3 of the Snake Pit)
 40359 | Snake:3  | Received a gift from Okawaru
 40534 | Snake:3  | Received a gift from Okawaru
 41108 | Shoals:1 | Entered Level 1 of the Shoals
 41869 | Shoals:2 | Received a gift from Okawaru
 41925 | Shoals:2 | Found Meskuren's Magic Scroll Shop.
 41948 | Shoals:2 | Reached skill level 12 in Spellcasting
 41948 | Shoals:2 | Reached skill level 10 in Conjurations
 41948 | Shoals:2 | Reached skill level 10 in Hexes
 41948 | Shoals:2 | Reached skill level 10 in Summonings
 41948 | Shoals:2 | Reached skill level 10 in Necromancy
 41948 | Shoals:2 | Reached skill level 10 in Translocations
 41948 | Shoals:2 | Reached skill level 10 in Transmutations
 41948 | Shoals:2 | Reached skill level 10 in Fire Magic
 41948 | Shoals:2 | Reached skill level 10 in Ice Magic
 41948 | Shoals:2 | Reached skill level 10 in Air Magic
 41948 | Shoals:2 | Reached skill level 10 in Earth Magic
 41948 | Shoals:2 | Reached skill level 10 in Poison Magic
 41959 | Shoals:2 | Found a transporter.
 41964 | Shoals:2 | HP: 19/133 [water nymph/the raging water (30)]
 41965 | Shoals:2 | HP: 6/133 [water nymph/the raging water (14)]
 42443 | Shoals:2 | Reached XP level 18. HP: 128/140 MP: 34/34
 42447 | Shoals:2 | Reached skill level 12 in Fighting
 42447 | Shoals:2 | Reached skill level 12 in Throwing
 42646 | Shoals:2 | Found Ziavi Lyku's Assorted Antiques.
 42674 | Shoals:2 | Reached skill level 12 in Stealth
 42854 | Shoals:2 | Found a transporter.
 42858 | Shoals:2 | Found Widy's Jewellery Boutique.
 43309 | Shoals:2 | HP: 40/140 [twister/tornado[the power of Zot] (9)]
 43315 | Shoals:2 | HP: 14/140 [twister/tornado[the power of Zot] (9)]
 43685 | Shoals:2 | Got a bound marble ring
 43702 | Shoals:2 | Got a flickering granite ring
 43708 | Shoals:2 | Identified the ring "Agoel" {rN+ SInv Stlth+} (You found it
                  | on level 2 of the Shoals)
 43709 | Shoals:2 | Identified the ring of Lugonu's Vengeance {MR+ Str+2} (You
                  | found it on level 2 of the Shoals)
 43900 | Shoals:3 | Noticed Ilsuiw
 43901 | Shoals:3 | HP: 22/140 [merfolk aquamancer/ball of steam (33)]
 43908 | Shoals:3 | Killed from afar by a merfolk aquamancer

Vault maps used:
D:1:      dpeg_arrival_tiny_c, minmay_distorted
D:2:      grunt_temple_overflow_open, nicolae_qazlal_eye_of_the_storm,
          uniq_robin
D:3:      overflow_temple_1_default, chequers_ecumenical_altar_simple_redux,
          first_ration
D:4:      tso_oasis_becter, minmay_temple_entry_nine_rooms, uniq_ijyb
D:5:      portal_sewer_entry_e, serial_shops, shop_fountains, shop, shop,
          cheibriados_altar_1
D:6:      basic_altar, uniq_prince_ribbit1
D:7:      kennysheep_little_box, serial_shops, nicolae_shop_crystal
D:8:      nicolae_gozag_cash_rules_everything_around_me
D:9:      due_lair_maze_entry_diamond
D:10:     ebering_ghost_disaster_area, blue_anna_alchemist, grunt_ministairs_7,
          kennysheep_boxes
D:11:     lemuel_flame_loot_2, zombieorc1_lemuel, serial_shops, shop,
          minmay_unpleasant_kobolds
D:12:     serial_shops, bzr_entry_dummy, special_room, st_stairs_4
D:13:     grunt_vaults_entry_tiered, uniq_kirke
D:14:     minivault_4, nicolae_ru_path_of_blood, uniq_nessos, uniq_snorg
D:15:     grunt_enter_depths_magical_seal, lab_entry_generic,
          minmay_protected_statue
Temple:   lightli_temple_of_artemis
Lair:1:   portal_ice_cave_entry_imps, chequers_serial_rivers_micro_c
Lair:2:   minmay_shoals_entry_centaurs
Lair:3:   minivault_29
Lair:4:   guppyfry_snake_entry_island, basic_altar,
          nicolae_quartered_pool_super, beast_lair_carwin_4
Lair:5:   nicolae_lair_grove_arrangements, serial_bayou_shore_b, uniq_rupert
Lair:6:   grunt_lair_end_beastmaster, slime_dummy, lookout_lair_type,
          chequers_serial_rivers_micro_d, kennysheep_basilisk_garden
Shoals:2: gammafunk_its_a_trap, serial_shops, nicolae_shop_statue_plus, shop,
          shop_statue
Shoals:3: serial_shops, nicolae_shop_temple_entry_statues_fountains,
          abandoned_shop, lightli_airlock, uniq_nikola, uniq_ilsuiw
Snake:1:  cheibrodos_snake_lava_hold, serial_shops, nicolae_shop_waterfront,
          st_stairs_8, hangedman_snake_corridor_split, minmay_shoptagon
Snake:2:  serial_shops, shop
Snake:3:  spider_trap
Orc:1:    nicolae_orc_pool_cavern
Orc:2:    st_orc_rangers, serial_shops, shop, nicolae_orc_sculptors_studio,
          uniq_sonja
Lab:      labyrinth_watery, nicolae_lab_swirl, nicolae_lab_statue,
          nicolae_lab_x, nicolae_lab_dead_end
Bazaar:   bazaar_minmay_generic_island
Sewer:    sewer_minmay_treatment
IceCv:    ice_cave_small_giant

Skill      XL: |  1  2  3  4  5  6  7  8  9 10 11 12 13 14 15 16 17 18 |
---------------+-------------------------------------------------------+-----
Invocations    | 1 2 3 4 5 6 7 8 9 10 11 12 | 12.8
Short Blades   | 1 2 3 4 5 6 7 8 9 10 11 | 11.8
Long Blades    | 1 2 3 4 5 6 7 8 9 10 11 | 11.8
Axes           | 1 2 3 4 5 6 7 8 9 10 11 | 11.8
Polearms       | 1 2 3 4 5 6 7 8 9 10 11 | 11.8
Staves         | 1 2 3 4 5 6 7 8 9 10 11 | 11.8
Slings         | 1 2 3 4 5 6 7 8 9 10 11 | 11.8
Bows           | 1 2 3 4 5 6 7 8 9 10 11 | 11.8
Crossbows      | 1 2 3 4 5 6 7 8 9 10 11 | 11.8
Dodging        | 1 2 3 4 5 6 7 8 9 10 11 | 11.8
Shields        | 1 2 3 4 5 6 7 8 9 10 11 | 11.8
Unarmed Combat | 1 2 3 4 5 6 7 8 9 10 11 | 11.8
Evocations     | 1 2 3 4 5 6 7 8 9 10 11 | 11.8
Spellcasting   | 3 4 5 6 7 8 9 10 11 12 | 12.1
Conjurations   | 1 2 3 4 5 6 7 8 9 10 | 10.1
Hexes          | 1 2 3 4 5 6 7 8 9 10 | 10.1
Summonings     | 1 2 3 4 5 6 7 8 9 10 | 10.1
Necromancy     | 1 2 3 4 5 6 7 8 9 10 | 10.1
Translocations | 1 2 3 4 5 6 7 8 9 10 | 10.1
Transmutations | 1 2 3 4 5 6 7 8 9 10 | 10.1
Fire Magic     | 1 2 3 4 5 6 7 8 9 10 | 10.1
Ice Magic      | 1 2 3 4 5 6 7 8 9 10 | 10.1
Air Magic      | 1 2 3 4 5 6 7 8 9 10 | 10.1
Earth Magic    | 1 2 3 4 5 6 7 8 9 10 | 10.1
Poison Magic   | 1 2 3 4 5 6 7 8 9 10 | 10.1
Fighting       | 3 4 5 6 7 8 9 10 11 12 | 12.1
Throwing       | 3 4 5 6 7 8 9 10 11 12 | 12.1
Charms         | 4 5 6 7 8 9 10 | 10.8
Stealth        | 3 4 5 6 7 8 9 10 11 12 | 12.1
Maces & Flails | 5 6 7 8 9 10 11 12 | 12.6
Armour         | 5 6 7 8 9 10 11 12 | 12.6

Action                   |  1- 3 |  4- 6 |  7- 9 | 10-12 | 13-15 | 16-18 || total
-------------------------+-------+-------+-------+-------+-------+-------++-------
Melee: Mace              |   105 |   120 |       |       |       |       ||   225
       Bite              |    13 |    11 |    24 |   117 |   331 |   141 ||   637
       Punch             |       |     2 |     4 |     9 |       |    33 ||    48
       Whip              |       |   113 |   232 |   887 |  2037 |   555 ||  3824
       Unarmed           |       |    18 |       |       |       |       ||    18
       Broad axe         |       |       |       |       |       |   198 ||   198
 Fire: Longbow           |       |       |       |       |       |   707 ||   707
Throw: Tomahawk          |     4 |    12 |    18 |    33 |    34 |       ||   101
       Throwing net      |       |       |       |       |     1 |       ||     1
       Stone             |       |       |       |       |     1 |       ||     1
Invok: Heroism           |       |       |     2 |     8 |    13 |    11 ||    34
       Finesse           |       |       |       |     1 |     3 |     4 ||     8
 Abil: Evoke Blink       |       |       |       |       |     3 |     2 ||     5
Evoke: Wand              |       |       |       |     1 |    16 |    14 ||    31
  Use: Scroll            |     1 |     3 |    12 |     6 |     8 |    16 ||    46
       Potion            |       |       |     1 |     1 |     2 |     6 ||    10
 Stab: Held in net/web   |       |       |       |       |     3 |       ||     3
       Paralysed         |       |       |       |       |     5 |     9 ||    14
  Eat: Chunk             |     1 |     8 |    14 |    22 |    42 |    28 ||   115
       Ration            |       |     1 |       |     1 |     1 |     6 ||     9
Armor: Scale mail        |    72 |   127 |    77 |       |       |       ||   276
       Plate armour      |       |       |    53 |   447 |   641 |   500 ||  1641
Dodge: Dodged            |    62 |   118 |   107 |   184 |   333 |   433 ||  1237
Block: Large shield      |       |       |       |   414 |  1440 |   111 ||  1965
       Rpst.: Whip       |       |       |       |     3 |    68 |    12 ||    83

Table legend:
 A = Non-vault XP
 B = Vault XP
 C = Vault XP percentage of total XP
 D = Non-vault monster count
 E = Vault monster count
 F = Vault count percentage of total count
                 A         B        C        D         E       F
            +---------+---------+-------+---------+---------+-------
      Total |  176578 |   84546 |  32.4 |     708 |     388 |  35.4
            +---------+---------+-------+---------+---------+-------
        D:1 |      36 |      20 |  35.7 |      21 |       4 |  16.0
        D:2 |      45 |      15 |  25.0 |      13 |       8 |  38.1
        D:3 |      52 |       0 |   0.0 |      16 |       0 |   0.0
        D:4 |     197 |      36 |  15.5 |       9 |       1 |  10.0
        D:5 |     161 |      13 |   7.5 |      11 |       8 |  42.1
        D:6 |     691 |     283 |  29.1 |      19 |       1 |   5.0
        D:7 |     963 |       0 |   0.0 |      26 |       0 |   0.0
        D:8 |    3081 |       0 |   0.0 |      20 |       0 |   0.0
        D:9 |    1922 |    1296 |  40.3 |      29 |      11 |  27.5
       D:10 |     663 |    1538 |  69.9 |      14 |       4 |  22.2
       D:11 |    2541 |    1161 |  31.4 |      28 |      35 |  55.6
       D:12 |    5952 |    3922 |  39.7 |      22 |      27 |  55.1
       D:13 |   12670 |   10746 |  45.9 |      43 |      25 |  36.8
       D:14 |    7687 |    2446 |  24.1 |      25 |       2 |   7.4
       D:15 |   10993 |    9261 |  45.7 |      48 |      13 |  21.3
     Lair:1 |    4210 |     124 |   2.9 |      14 |      12 |  46.2
     Lair:2 |    5120 |     225 |   4.2 |      17 |       2 |  10.5
     Lair:3 |    4358 |    4682 |  51.8 |      16 |      42 |  72.4
     Lair:4 |    4673 |     912 |  16.3 |      23 |       5 |  17.9
     Lair:5 |    8303 |    2792 |  25.2 |      30 |       1 |   3.2
     Lair:6 |   13822 |   10219 |  42.5 |      44 |      22 |  33.3
   Shoals:1 |    3790 |       0 |   0.0 |      10 |       0 |   0.0
   Shoals:2 |   17646 |    3047 |  14.7 |      35 |       7 |  16.7
   Shoals:3 |    5049 |       0 |   0.0 |      12 |       0 |   0.0
    Snake:1 |   16284 |   11694 |  41.8 |      28 |      24 |  46.2
    Snake:2 |   14195 |       0 |   0.0 |      31 |       0 |   0.0
    Snake:3 |   23378 |       0 |   0.0 |      47 |       0 |   0.0
      Orc:1 |    3164 |       0 |   0.0 |      45 |       0 |   0.0
      Orc:2 |     619 |    6915 |  91.8 |      10 |      41 |  80.4
    Abyss:1 |    4313 |       0 |   0.0 |       2 |       0 |   0.0
        Lab |       0 |    3619 | 100.0 |       0 |       9 | 100.0
      Sewer |       0 |     207 | 100.0 |       0 |      48 | 100.0
      IceCv |       0 |    9373 | 100.0 |       0 |      36 | 100.0
            +---------+---------+-------+---------+---------+-------

Table legend:
 A = Turns spent in this place as a percentage of turns spent in the entire game.
 B = Non-inter-level travel turns spent in this place as a percentage of non-inter-level travel turns spent in the entire game.
 C = Inter-level travel turns spent in this place as a percentage of turns spent in this place.
 D = Turns resting spent in this place as a percentage of non-inter-level travel turns spent in this place.
 E = Turns spent auto-exploring this place as a percentage of non-inter-level travel turns spent in this place.
 F = Non-inter-level travel turns spent in this place divided by the number of levels of this place that you've seen.
                   A       B       C       D       E      F
               +-------+-------+-------+-------+-------+----------------------
         Total | 100.0 | 100.0 |   9.7 |  27.2 |  33.8 | 1133.2
       Dungeon |  42.5 |  40.9 |  13.1 |  17.2 |  46.5 | 1080.4
        Temple |   0.3 |   0.2 |  19.8 |   0.0 |  88.7 |  97.0
          Lair |  20.5 |  19.4 |  14.2 |  18.5 |  37.1 | 1285.5
        Shoals |   5.9 |   6.1 |   7.3 |  27.5 |  28.0 | 803.7
     Snake Pit |  15.8 |  17.0 |   2.9 |  54.7 |  17.8 | 2248.7
  Orcish Mines |   5.5 |   5.8 |   4.8 |  18.3 |  28.5 | 1149.5
         Abyss |   0.3 |   0.3 |   0.0 |   0.0 |   0.0 | 117.0
     Labyrinth |   1.1 |   1.2 |   0.0 |   1.0 |   0.0 | 481.0
        Bazaar |   0.2 |   0.3 |   0.0 |   0.0 |   0.0 | 106.0
         Sewer |   2.9 |   3.2 |   0.0 |  43.9 |  18.2 | 1277.0
      Ice Cave |   5.0 |   5.6 |   0.0 |  55.6 |   7.2 | 2208.0
               +-------+-------+-------+-------+-------+----------------------

Vault maps used:
D:1:      dpeg_arrival_tiny_c, minmay_distorted
D:2:      grunt_temple_overflow_open, nicolae_qazlal_eye_of_the_storm,
          uniq_robin
D:3:      overflow_temple_1_default, chequers_ecumenical_altar_simple_redux,
          first_ration
D:4:      tso_oasis_becter, minmay_temple_entry_nine_rooms, uniq_ijyb
D:5:      portal_sewer_entry_e, serial_shops, shop_fountains, shop, shop,
          cheibriados_altar_1
D:6:      basic_altar, uniq_prince_ribbit1
D:7:      kennysheep_little_box, serial_shops, nicolae_shop_crystal
D:8:      nicolae_gozag_cash_rules_everything_around_me
D:9:      due_lair_maze_entry_diamond
D:10:     ebering_ghost_disaster_area, blue_anna_alchemist, grunt_ministairs_7,
          kennysheep_boxes
D:11:     lemuel_flame_loot_2, zombieorc1_lemuel, serial_shops, shop,
          minmay_unpleasant_kobolds
D:12:     serial_shops, bzr_entry_dummy, special_room, st_stairs_4
D:13:     grunt_vaults_entry_tiered, uniq_kirke
D:14:     minivault_4, nicolae_ru_path_of_blood, uniq_nessos, uniq_snorg
D:15:     grunt_enter_depths_magical_seal, lab_entry_generic,
          minmay_protected_statue
Temple:   lightli_temple_of_artemis
Lair:1:   portal_ice_cave_entry_imps, chequers_serial_rivers_micro_c
Lair:2:   minmay_shoals_entry_centaurs
Lair:3:   minivault_29
Lair:4:   guppyfry_snake_entry_island, basic_altar,
          nicolae_quartered_pool_super, beast_lair_carwin_4
Lair:5:   nicolae_lair_grove_arrangements, serial_bayou_shore_b, uniq_rupert
Lair:6:   grunt_lair_end_beastmaster, slime_dummy, lookout_lair_type,
          chequers_serial_rivers_micro_d, kennysheep_basilisk_garden
Shoals:2: gammafunk_its_a_trap, serial_shops, nicolae_shop_statue_plus, shop,
          shop_statue
Shoals:3: serial_shops, nicolae_shop_temple_entry_statues_fountains,
          abandoned_shop, lightli_airlock, uniq_nikola, uniq_ilsuiw
Snake:1:  cheibrodos_snake_lava_hold, serial_shops, nicolae_shop_waterfront,
          st_stairs_8, hangedman_snake_corridor_split, minmay_shoptagon
Snake:2:  serial_shops, shop
Snake:3:  spider_trap
Orc:1:    nicolae_orc_pool_cavern
Orc:2:    st_orc_rangers, serial_shops, shop, nicolae_orc_sculptors_studio,
          uniq_sonja
Lab:      labyrinth_watery, nicolae_lab_swirl, nicolae_lab_statue,
          nicolae_lab_x, nicolae_lab_dead_end
Bazaar:   bazaar_minmay_generic_island
Sewer:    sewer_minmay_treatment
IceCv:    ice_cave_small_giant
